 Dungeon Crawl Stone Soup version 0.28-a0-1374-ga75cb3825e (webtiles) character file.

Game seed: 2903157043962101949

209741 SnakkuSnakku7 the Pyromancer (level 18, -4/149 HPs)
             Began as a Red Draconian Fire Elementalist on Dec 31, 2021.
             Was the Champion of Zin.
             Killed from afar by a tengu conjurer (20 damage)
             ... with a bolt of lightning
             ... in a wizard's laboratory on Jan 1, 2022.
             The game lasted 01:35:47 (37105 turns).

SnakkuSnakku7 the Pyromancer (DrFE)                Turns: 37105, Time: 01:35:48

Health: -4/149     AC: 16    Str: 11    XL:     18   Next: 16%
Magic:  28/37      EV: 15    Int: 30    God:    Zin [******]
Gold:   2173       SH:  0    Dex: 14    Spells: 13/47 levels left

rFire   + + .      SeeInvis .   a - +7 quarterstaff (protect)
rCold   x . .      Faith    .   (shield currently unavailable)
rNeg    . . .      Spirit   .   (armour unavailable)
rPois   .          Reflect  .   (helmet restricted)
rElec   .          Harm     .   e - +2 cloak
rCorr   .          Rampage  .   J - +2 pair of gloves {Dex+3}
Will    +....                   (no boots)
Stlth   ++........              G - amulet of magic regeneration
HPRegen 0.34/turn               j - +6 ring of intelligence
MPRegen 0.65/turn               y - ring of fire

@: no status effects
A: breathe fire, AC +10, unfitting armour, fire resistance 1, cold-blooded
}: 1/15 runes: gossamer
a: Breathe Fire, Renounce Religion, Recite, Vitalisation, Imprison, Sanctuary,
Donate Gold


You were in a wizard's laboratory.
You worshipped Zin.
Zin was exalted by your worship.
You visited 6 branches of the dungeon, and saw 30 of its levels.
You also visited: Sewer, Ossuary, Ice Cave and Wizlab.

You collected 3154 gold pieces.
You spent 762 gold pieces at shops.
You donated 219 gold pieces to Zin.

Inventory:

Hand Weapons
 a - a +7 quarterstaff of protection (weapon)
Armour
 e - a +2 cloak (worn)
 J - a +2 pair of gloves of dexterity (worn)
 M - a +0 buckler
Magical Staves
 c - a staff of cold
Jewellery
 f - a ring of magical power
 j - a +6 ring of intelligence (left hand)
 y - a ring of fire (right hand)
 z - a ring of ice
 B - an amulet of regeneration
 G - an amulet of magic regeneration (around neck)
 O - a +4 ring of evasion
Wands
 x - a wand of charming (11)
 A - a wand of flame (36)
 L - a wand of paralysis (4)
Scrolls
 d - a scroll of blinking
 l - 5 scrolls of fear
 n - 6 scrolls of amnesia
 o - 4 scrolls of vulnerability
 r - 2 scrolls of summoning
 t - 5 scrolls of fog
 u - 4 scrolls of holy word
 w - 3 scrolls of silence
 C - 6 scrolls of identify
 D - 3 scrolls of immolation
 F - 11 scrolls of teleportation
 K - 2 scrolls of magic mapping
 Q - a scroll of enchant armour
Potions
 b - 3 potions of haste
 h - 4 potions of brilliance
 i - 8 potions of attraction
 k - a potion of cancellation
 m - 6 potions of invisibility
 p - 10 potions of curing
 q - 7 potions of flight
 s - 11 potions of might
 v - 2 potions of resistance
 E - 16 potions of ambrosia
Miscellaneous
 H - a lightning rod (1/4)


   Skills:
 - Level 10.8 Fighting
 - Level 2.3 Short Blades
 - Level 6.7 Staves
 - Level 8.0 Dodging
 - Level 1.7 Stealth
 - Level 15.0 Spellcasting
 + Level 14.4 Conjurations
 - Level 21.0 Fire Magic
 - Level 10.0 Earth Magic
 - Level 10.0 Invocations


You had 13 spell levels left.
You knew the following spells:

 Your Spells              Type           Power      Damage    Failure   Level
a - Starburst             Conj/Fire      57%        6d15      1%          6
b - Blink                 Tloc           44%        N/A       3%          2
c - Flame Wave            Conj/Fire      100%       2d14      0%          4
d - Ozocubu's Armour      Ice            22%        N/A       6%          3
f - Ignition              Fire           61%        3d16      2%          8
g - Fireball              Conj/Fire      57%        3d22      1%          5
z - Iron Shot             Conj/Erth      38%        9d8       2%          6

Your spell library contained the following spells:

 Spells                   Type           Power      Damage    Failure   Level
 Foxfire                  Conj/Fire      100%       2x1d9     0%          1
 Scorch                   Fire           100%       2d10      0%          2
 Conjure Flame            Conj/Fire      100%       6-21      0%          3
 Animate Skeleton         Necr           44%        N/A       1%          1
 Apportation              Tloc           44%        N/A       1%          1
 Slow                     Hex            88%        N/A       1%          1
 Summon Small Mammal      Summ           88%        N/A       1%          1
 Inner Flame              Hex/Fire       91%        N/A       1%          3
 Iskenderun's Battlesphe  Conj           83%        2d13      1%          5
 Corpse Rot               Necr/Air       44%        N/A       3%          2
 Poisonous Vapours        Pois/Air       44%        N/A       3%          2
 Sublimation of Blood     Necr           22%        N/A       3%          2
 Wereblood                Tmut           22%        N/A       3%          2
 Lightning Bolt           Conj/Air       30%        1d47      3%          5
 Confusing Touch          Hex            22%        N/A       6%          3
 Gell's Gravitas          Tloc           22%        N/A       6%          3
 Lesser Beckoning         Tloc           22%        N/A       6%          3
 Portal Projectile        Hex/Tloc       44%        N/A       6%          3
 Teleport Other           Tloc           22%        N/A       6%          3
 Vampiric Draining        Necr           22%        2d7       6%          3
 Conjure Ball Lightning   Conj/Air       30%        3x3d10    17%         6
 Airstrike                Air            11%        N/A       21%         4
 Cause Fear               Hex            11%        N/A       21%         4
 Dispel Undead            Necr           22%        3d12      21%         4
 Summon Lightning Spire   Summ/Air       22%        N/A       21%         4
 Blade Hands              Tmut           11%        N/A       50%         5
 Excruciating Wounds      Necr           11%        N/A       50%         5
 Manifold Assault         Tloc           22%        N/A       50%         5
 Metabolic Englaciation   Hex/Ice        11%        N/A       50%         5
 Spellforged Servitor     Conj/Summ      30%        N/A       67%         7
 Death Channel            Necr           11%        N/A       97%         6
 Dispersal                Tloc           11%        N/A       97%         6
 Simulacrum               Ice/Necr       11%        N/A       97%         6
 Summon Hydra             Summ           11%        N/A       100%        7
 Discord                  Hex            11%        N/A       100%        8
 Disjunction              Tloc           11%        N/A       100%        8


Dungeon Overview and Level Annotations

Branches:
Dungeon (15/15)            Temple (1/1) D:7            Lair (6/6) D:8
 Shoals (0/4) Lair:2       Spider (4/4) Lair:2        Slime (0/5) Lair:6
    Orc (2/2) D:11            Elf (2/3) Orc:2        Vaults (0/5) D:13
  Sewer (visited)         Ossuary (visited)           IceCv (visited)
 WizLab (1/1)
 Depths: D:15

Altars:
Cheibriados
Dithmenos
Elyvilon
Gozag
Hepliaklqana
Kikubaaqudgha
Makhleb
Nemelex Xobeh
Qazlal
Ru
Trog
Uskayaw
Vehumet
Wu Jian
Xom
Zin
The Shining One
Beogh
Jiyva
Lugonu

Shops:
D:6 (   D:12 *   Orc:1 :   Orc:2 [*=*   Elf:1 (

Portals:
Abyss: Lair:6

Annotations:
D:14 Roxanne
D:15 Rupert WizLab exclusion: statue


Innate Abilities, Weirdness & Mutations

You can breathe blasts of fire.
Your fiery red scales are hard. (AC +10)
You cannot fit into any form of body armour.
Your flesh is heat resistant. (rF+)
You are cold-blooded and may be slowed by cold attacks.


Message History

You can't see any susceptible monsters within range! (Use Z to cast anyway.)
A purple draconian comes into view.
It is wielding a +1 flail of holy wrath.
The purple draconian roars!
You hear a shout!
Casting: Fireball (safe; 1% risk of failure)
Confirm with . or Enter, or press ? or * to list all spells.
Aiming: Iron Shot (dangerous; 2% risk of failure)
Press: ? - help, Shift-Dir - straight line, f - conjurer statue
Aim: a conjurer statue (100% to hit)
The iron shot hits the conjurer statue!!
The conjurer statue is moderately damaged.
A tengu conjurer comes into view.
The conjurer statue launches a ball of destructive magic.
An orb of destruction comes into view.
Casting: Iron Shot (dangerous; 2% risk of failure)
Confirm with . or Enter, or press ? or * to list all spells.
Aiming: Iron Shot (dangerous; 2% risk of failure)
Press: ? - help, Shift-Dir - straight line, f/p - conjurer statue
Aim: a conjurer statue (moderately damaged, 100% to hit)
The iron shot hits the conjurer statue!!!
The conjurer statue is heavily damaged.
You hear a shout!
The conjurer statue conjures a glowing orb.
The purple draconian breathes dispelling energy at you.
The bolt of dispelling energy misses you.
An orb of destruction comes into view.
Casting: Iron Shot (dangerous; 2% risk of failure)
Confirm with . or Enter, or press ? or * to list all spells.
Aiming: Iron Shot (dangerous; 2% risk of failure)
Press: ? - help, Shift-Dir - straight line, f/p - conjurer statue
Aim: a conjurer statue (heavily damaged, 100% to hit)
Okay, then.
The orb of destruction hits you!!!
Okay, then.
The conjurer statue launches a ball of destructive magic.
An orb of destruction comes into view.
The orb of destruction hits you!!!
* * * LOW HITPOINT WARNING * * *
The tengu conjurer casts a spell at you.
The bolt of lightning hits you!!
You die...

.##.......#.
#..Q.......##
##........#.
#...d...... #
..........#.#
...........##
.........##.#
...8○*○°○○@##
.........##.#
.........#∩##
.........##.#
....#.###§ .#
#.#.#. ## . .
.# # ##


You could see a purple draconian, a conjurer statue and a tengu conjurer.

Vanquished Creatures
  Nikola (Spider:1)
  Frances (D:12)
  4 ghost moths
  11 emperor scorpions
  A deep elf sorcerer (Elf:2)
  Aizul (Spider:4)
  Louise (Elf:1)
  4 broodmothers
  Nessos (D:13)
  A deep elf demonologist (Elf:1)
  2 entropy weavers
  An ettin (Orc:2)
  A deep elf death mage (Elf:2)
  A fire dragon (D:15)
  Josephine (D:9)
  A deep elf high priest (Elf:1)
  The ghost of Roczioh the Covert, a journeyman DsEn of Wu Jian (D:13)
  The ghost of Foferoat the Covert, a journeyman GnDe of Dithmenos (Lair:1)
  3 catoblepae
  2 boulder beetles
  7 hydras
  2 jorogumos (Spider:4)
  4 centaur warriors
  4 two-headed ogres
  15 dancing weapons
  3 radroaches
  A death knight (D:15)
  6 death yaks
  5 orc high priests
  Urug (D:11)
  3 thrashing horrors (Lair:6)
  7 pharaoh ants
  3 sun moths (Spider:4)
  7 deep elf knights
  9 skeletal warriors
  3 steelbarb worms
  3 spectral hydras (Lair:1)
  17 orb spiders
  Pikel (D:6)
  18 deep elf zephyrmancers
  18 deep elf pyromancers
  2 wizards (D:13)
  An orc knight (Orc:1)
  4 deep elf archers
  14 ugly things
  3 cyclopes
  2 orc sorcerers (Orc:2)
  30 wolf spiders
  3 oklob plants (Lair:5)
  A moth of wrath (Spider:4)
  11 elephants
  Maurice (D:9)
  A black mamba (shapeshifter) (Lair:6)
  6 black mambas
  A smoke demon (Lair:6)
  3 ice statues (IceCv)
  5 torpor snails
  19 cane toads
  3 gargoyles
  3 rime drakes
  A yaktaur (shapeshifter) (Elf:1)
  A freezing wraith (D:15)
  5 demonic crawlers
  7 komodo dragons
  A yaktaur (D:15)
  2 kobold demonologists (D:14)
  A komodo dragon (shapeshifter) (D:15)
  3 efreet
  An entropy weaver simulacrum (IceCv)
  2 tengu conjurers (D:15)
  An ancient zyme (Lair:6)
  6 meliai
  A spectral dream sheep (Lair:1)
  A queen bee (Lair:3)
  3 polar bears
  26 blink frogs
  39 tarantellas
  3 slime creatures (D:12)
  7 trolls
  A spectral black mamba (Lair:1)
  8 dream sheep
  19 jumping spiders
  4 flying skulls
  20 culicivoras
  A dire elephant simulacrum (IceCv)
  A water elemental (D:14)
  8 wraiths
  2 wyverns
  A ynoxinul (Lair:6)
  8 basilisks
  5 shadows (D:9)
  5 air elementals (Elf:1)
  30 yaks
  5 vampire mosquitoes
  A steam dragon (D:6)
  75 redbacks
  4 chaos spawn
  4 death yak simulacra (IceCv)
  5 wargs
  2 acid dragons
  A hydra simulacrum (Lair:1)
  12 small abominations (Lair:6)
  The ghost of AigisTheKnight the Chiller, an amateur GrIE (D:3)
  14 water moccasins
  2 ice beasts
  A sky beast (shapeshifter) (Lair:6)
  A black bear (shapeshifter) (Lair:6)
  A hornet zombie (Ossuary)
  3 black bears
  31 orc warriors
  11 ogres
  6 centaurs
  24 wolves
  3 phantoms
  A lemure (D:6)
  6 kobold brigands
  16 bullfrogs
  2 earth elementals (Elf:1)
  A wyvern zombie (Ossuary)
  A cane toad simulacrum (IceCv)
  A scorpion (D:5)
  2 wyvern skeletons (D:9)
  A hornet simulacrum (D:14)
  4 water moccasin zombies
  A water moccasin skeleton (D:4)
  2 elephant simulacra (IceCv)
  2 wights (D:9)
  46 killer bees
  5 electric eels
  11 centaur zombies
  12 howler monkeys
  8 bullfrog zombies (Ossuary)
  2 hounds
  2 jellies (D:6)
  A gnoll shaman (D:8)
  43 orc priests
  6 centaur skeletons
  A human skeleton (D:5)
  An iguana (D:5)
  32 orc wizards
  7 hell rats
  A polar bear simulacrum (IceCv)
  2 killer bee zombies (Ossuary)
  17 mummies (Ossuary)
  4 howler monkey zombies
  2 howler monkey skeletons
  9 gnolls
  13 adders
  4 river rats (Sewer)
  A shadow imp (D:8)
  A white imp (D:5)
  An ufetubus (D:5)
  4 adder skeletons (D:4)
  4 worms
  88 orcs
  12 ball pythons
  5 endoplasms
  7 giant cockroaches
  4 goblins
  10 hobgoblins
  2 jackals (Sewer)
  26 kobolds
  5 quokkas
  9 bats
  5 frilled lizards
  4 orc skeletons (D:5)
  An orc zombie (D:5)
  9 rats
  4 bushes
1192 creatures vanquished.

Vanquished Creatures (collateral kills)
  2 foxfires (Ossuary)
2 creatures vanquished.

Vanquished Creatures (others)
  A culicivora (Spider:2)
  3 bushes (Lair:6)
  504 foxfires
  53 fungi
  63 plants
  9 withered plants
633 creatures vanquished.

Grand Total: 1827 creatures vanquished

Notes
Turn   | Place    | Note
-------+----------+-------------------------------------------
     0 | D:1      | SnakkuSnakku7 the Draconian Fire Elementalist began the
                  | quest for the Orb.
     0 | D:1      | Reached XP level 1. HP: 14/14 MP: 3/3
   312 | D:1      | Reached XP level 2. HP: 20/20 MP: 0/5
   315 | D:1      | Learned a level 2 spell: Scorch
  1063 | D:2      | Reached skill level 1 in Short Blades
  1063 | D:2      | Reached skill level 4 in Fire Magic
  1063 | D:2      | Reached XP level 3. HP: 9/26 MP: 0/6
  1716 | D:2      | Found a faded altar of an unknown god.
  1802 | D:2      | Prayed at the altar of an unknown god.
  1802 | D:2      | Became a worshipper of the Shining One
  1802 | D:2      | Reached * piety under the Shining One
  1846 | D:3      | Noticed AigisTheKnight's ghost (amateur GrIE)
  1847 | D:3      | Found a transporter.
  1847 | D:3      | Noticed an ogre
  1849 | D:3      | Noticed an ogre
  1863 | D:3      | Noticed an ogre
  1916 | D:3      | Reached XP level 4. HP: 34/34 MP: 2/7
  1929 | D:3      | Learned a level 4 spell: Flame Wave
  2521 | D:3      | Reached skill level 1 in Fighting
  2521 | D:3      | Reached XP level 5. HP: 40/40 MP: 8/8
  2695 | D:4      | Noticed a phantom
  2695 | D:4      | Noticed an ogre
  2750 | D:3      | Found a transporter.
  2848 | D:4      | Found a sparkling altar of Nemelex Xobeh.
  2848 | D:4      | Found a shadowy altar of Dithmenos.
  2973 | D:4      | Found a stormy altar of Qazlal.
  3015 | D:4      | Reached ** piety under the Shining One
  3102 | D:4      | Noticed a black bear
  3122 | D:4      | Killed a black bear
  3123 | D:4      | Reached skill level 5 in Fire Magic
  3123 | D:4      | Reached XP level 6. HP: 47/47 MP: 2/9
  3639 | D:4      | Reached skill level 6 in Fire Magic
  3669 | D:4      | Your scales start taking on a fiery red colour.
  3669 | D:4      | Reached skill level 7 in Fire Magic
  3669 | D:4      | Reached XP level 7. HP: 52/52 MP: 2/10
  3669 | D:4      | Gained mutation: Your flesh is heat resistant. (rF+) [Red
                  | Draconian growth]
  3857 | D:5      | Entered Level 5 of the Dungeon
  3937 | D:5      | Reached skill level 5 in Conjurations
  3962 | D:5      | Reached skill level 8 in Fire Magic
  4040 | D:5      | Found a sand-covered staircase.
  4040 | D:5      | Reached *** piety under the Shining One
  4070 | Ossuary  | Entered an ossuary
  4084 | Ossuary  | Reached skill level 9 in Fire Magic
  4183 | Ossuary  | Reached XP level 8. HP: 59/59 MP: 11/11
  4219 | Ossuary  | Reached skill level 10 in Fire Magic
  4225 | Ossuary  | Reached **** piety under the Shining One
  4403 | Ossuary  | Reached skill level 11 in Fire Magic
  4610 | Ossuary  | Reached skill level 12 in Fire Magic
  4619 | Ossuary  | Reached ***** piety under the Shining One
  4841 | D:5      | Reached XP level 9. HP: 54/64 MP: 12/12
  5382 | D:6      | Noticed Pikel
  5400 | D:6      | Killed Pikel
  5526 | D:6      | Found Onuopt's Weapon Shoppe.
  5608 | D:6      | Found a glowing drain.
  5618 | Sewer    | Entered a sewer
  6522 | D:6      | Reached skill level 5 in Spellcasting
  6861 | D:7      | Found a staircase to the Ecumenical Temple.
  6869 | D:7      | Noticed a skeletal warrior
  6871 | D:7      | Noticed a skeletal warrior
  6875 | D:7      | Noticed a skeletal warrior
  6880 | D:7      | Noticed a skeletal warrior
  6975 | D:7      | Killed a skeletal warrior
  6976 | D:7      | Reached XP level 10. HP: 73/73 MP: 16/20
  7018 | D:6      | Killed a skeletal warrior
  7054 | Temple   | Entered the Ecumenical Temple
  7081 | Temple   | Fell from the grace of the Shining One
  7081 | Temple   | Became a worshipper of Zin the Law-Giver
  7081 | Temple   | Reached * piety under Zin
  7081 | Temple   | Reached ** piety under Zin
  7081 | Temple   | Reached *** piety under Zin
  7081 | Temple   | Reached **** piety under Zin
  7173 | D:7      | Reached skill level 5 in Fighting
  7281 | D:7      | Killed a skeletal warrior
  7378 | D:7      | Killed a skeletal warrior
  7855 | D:8      | Reached ***** piety under Zin
  8112 | D:8      | Reached XP level 11. HP: 92/94 MP: 0/21
  8395 | D:8      | Found a staircase to the Lair.
  8615 | D:9      | Noticed a two-headed ogre
  8618 | D:9      | Reached skill level 5 in Dodging
  8644 | D:9      | Killed a two-headed ogre
  8850 | D:9      | Noticed a skeletal warrior
  9125 | D:8      | Killed a skeletal warrior
  9176 | D:9      | Noticed Josephine
  9193 | D:9      | Killed Josephine
  9547 | D:9      | Reached skill level 5 in Invocations
  9577 | D:9      | Noticed Maurice
  9582 | D:9      | Killed Maurice
  9607 | D:9      | Reached ****** piety under Zin
  9777 | D:9      | Found a hazy altar of Hepliaklqana.
  9779 | D:9      | Found a faded altar of an unknown god.
  9879 | D:9      | Noticed a two-headed ogre
  9889 | D:9      | Killed a two-headed ogre
  9976 | D:9      | Found a burning altar of Makhleb.
  9984 | D:9      | Found an opulent altar of Gozag.
 10039 | D:9      | Identified the +2 falchion of the Wasteland {vamp, Int+2}
 10244 | D:10     | Entered Level 10 of the Dungeon
 10427 | D:10     | Found a snail-covered altar of Cheibriados.
 10469 | D:10     | Reached XP level 12. HP: 91/101 MP: 6/22
 10504 | D:10     | Found a radiant altar of Vehumet.
 10504 | D:10     | Found a shimmering altar of Xom.
 10509 | D:10     | Found a hide-covered altar of Uskayaw.
 10512 | D:10     | Found a white marble altar of Elyvilon.
 10514 | D:10     | Found a sacrificial altar of Ru.
 10867 | Lair:1   | Entered Level 1 of the Lair of Beasts
 10867 | Lair:1   | Found a runed translucent gate.
 10867 | Lair:1   | Found a runed translucent gate.
 10868 | Lair:1   | Found a runed translucent gate.
 11548 | Lair:1   | Identified the +1 robe of Qaudut {Fly rC- Regen+ Dex+5}
 11607 | Lair:1   | Noticed Foferoat's ghost (journeyman GnDe)
 11886 | Lair:2   | Reached skill level 10 in Invocations
 12035 | Lair:2   | Found a hole to the Spider Nest.
 12289 | Lair:2   | Found a staircase to the Shoals.
 12413 | Lair:3   | Noticed a seven-headed hydra
 12547 | Lair:3   | Reached skill level 13 in Fire Magic
 12861 | Lair:3   | Killed a seven-headed hydra
 12862 | Lair:3   | Reached skill level 14 in Fire Magic
 13123 | Lair:3   | Noticed an eight-headed hydra
 13125 | Lair:3   | Noticed a four-headed hydra
 13125 | Lair:3   | Noticed a six-headed hydra
 13130 | Lair:3   | Noticed a seven-headed hydra
 13130 | Lair:3   | Noticed a death yak
 13139 | Lair:3   | Reached skill level 15 in Fire Magic
 13141 | Lair:3   | Killed a seven-headed hydra
 13141 | Lair:3   | Killed an eight-headed hydra
 13142 | Lair:3   | Killed a death yak
 13146 | Lair:3   | Reached XP level 13. HP: 15/107 MP: 2/25
 13907 | Lair:4   | Found a frozen archway.
 13912 | IceCv    | Entered an ice cave
 14003 | IceCv    | Reached skill level 10 in Spellcasting
 14222 | Lair:4   | Learned a level 5 spell: Fireball
 14231 | Lair:4   | Learned a level 8 spell: Ignition
 14238 | Lair:4   | Learned a level 6 spell: Starburst
 14297 | Lair:4   | Reached skill level 10 in Fighting
 15042 | Lair:4   | Identified the +1 scale mail "Wyohoc" {-Tele Harm rC+}
 16286 | Lair:6   | Entered Level 6 of the Lair of Beasts
 16294 | Lair:6   | Reached skill level 10 in Conjurations
 16455 | Lair:6   | Reached XP level 14. HP: 88/122 MP: 13/28
 17425 | Lair:6   | Found a staircase to the Slime Pits.
 17425 | Lair:6   | Found a viscous altar of Jiyva.
 17779 | Lair:6   | Reached skill level 16 in Fire Magic
 18471 | Lair:6   | Reached skill level 17 in Fire Magic
 18474 | Lair:6   | Found a one-way gate to the infinite horrors of the Abyss.
 18590 | Lair:6   | Found a corrupted altar of Lugonu.
 19403 | Lair:1   | Killed Foferoat's ghost
 19893 | D:11     | Found a staircase to the Orcish Mines.
 20198 | D:11     | Noticed Urug
 20201 | D:11     | Killed Urug
 20202 | D:11     | Reached skill level 18 in Fire Magic
 20718 | D:12     | Noticed Frances
 20734 | D:12     | Killed Frances
 20801 | D:12     | Found Nyosonou's General Store.
 20806 | D:12     | Bought a scroll of teleportation for 45 gold pieces
 20806 | D:12     | Bought a scroll of teleportation for 45 gold pieces
 21319 | D:12     | Reached XP level 15. HP: 115/128 MP: 18/29
 21737 | Orc:1    | Entered Level 1 of the Orcish Mines
 21737 | Orc:1    | Found Ussanid's Book Shop.
 21753 | Orc:1    | Bought a book of Power for 672 gold pieces
 21760 | Orc:1    | Learned a level 6 spell: Iron Shot
 21844 | Orc:2    | Entered Level 2 of the Orcish Mines
 21844 | Orc:2    | Found a staircase to the Elven Halls.
 22093 | Orc:2    | Reached skill level 19 in Fire Magic
 22486 | Orc:2    | Found Raips's Armour Shop.
 22486 | Orc:2    | Found Zoiz's Jewellery Boutique.
 22487 | Orc:2    | Found Wunas's General Store.
 22491 | Orc:2    | Found Loilaxt's General Store.
 23609 | D:13     | Found a runed translucent gate.
 23609 | D:13     | Found a runed translucent gate.
 23609 | D:13     | Found a runed translucent gate.
 23612 | D:13     | Noticed Roczioh's ghost (journeyman DsEn)
 23657 | D:13     | Killed Roczioh's ghost
 23784 | D:13     | Identified the +2 cloak of Fun {-Cast Fly rF+++ Int-3}
 23819 | D:13     | Noticed Nessos
 23831 | D:13     | Killed Nessos
 24038 | D:13     | Reached skill level 20 in Fire Magic
 24045 | D:13     | Reached skill level 1 in Staves
 24196 | D:13     | Found a gate to the Vaults.
 24505 | D:14     | Identified Roxanne's Tome of Transmutation
 24505 | D:14     | Noticed Roxanne
 24560 | D:14     | You fall into a shaft and drop 1 floor!
 24560 | D:15     | Entered Level 15 of the Dungeon
 24584 | D:15     | Reached skill level 5 in Staves
 24739 | D:15     | Found an ancient bone altar of Kikubaaqudgha.
 25221 | D:14     | Reached skill level 1 in Earth Magic
 25225 | D:14     | Noticed Rupert
 25655 | D:14     | Paralysed by Rupert for 6 turns
 26699 | D:3      | Killed AigisTheKnight's ghost
 26700 | D:3      | Reached skill level 5 in Earth Magic
 26866 | Spider:1 | Entered Level 1 of the Spider Nest
 26884 | Lair:2   | Killed a ghost moth
 27035 | Lair:2   | Reached XP level 16. HP: 136/136 MP: 3/30
 27162 | Spider:1 | Noticed Nikola
 27164 | Spider:1 | Killed Nikola
 29126 | Spider:2 | Found the +18 Lear's hauberk
 29136 | Spider:2 | Reached skill level 10 in Earth Magic
 30647 | Spider:4 | Entered Level 4 of the Spider Nest
 31076 | Spider:4 | HP: 6/136 [poisoned by an emperor scorpion]
 31081 | Spider:3 | HP: 3/136 [poisoned by an emperor scorpion]
 31537 | Spider:4 | Reached XP level 17. HP: 143/143 MP: 18/34
 31544 | Spider:4 | Noticed Aizul
 32822 | Spider:4 | Killed Aizul
 33994 | Spider:4 | Reached skill level 15 in Spellcasting
 34698 | Spider:4 | Got a gossamer rune of Zot
 35035 | Elf:1    | Entered Level 1 of the Elven Halls
 35097 | Elf:1    | Found Giadgh's Antique Weapon Boutique.
 35194 | Elf:1    | Reached skill level 21 in Fire Magic
 35224 | Elf:1    | Noticed a Brimstone Fiend
 35853 | Orc:2    | Learned a level 2 spell: Blink
 35857 | Orc:2    | Learned a level 3 spell: Ozocubu's Armour
 36058 | Elf:1    | Paralysed by an air elemental for 1 turns
 36637 | Elf:1    | Reached XP level 18. HP: 149/149 MP: 27/37
 36701 | Elf:1    | Noticed Louise
 36704 | Elf:1    | Killed Louise
 36919 | Elf:2    | Found a runed translucent gate.
 36919 | Elf:2    | Found a runed translucent gate.
 36920 | Elf:2    | Found a runed translucent gate.
 37007 | Elf:2    | Found a magical portal.
 37095 | WizLab   | Entered Iskenderun's Mystic Tower
 37105 | WizLab   | Killed from afar by a tengu conjurer

Illustrated notes

Levels and vault maps discovered:
D:1:      saegor_arrival_simple_b, layout_basic, minmay_misc_feat_columns,
          chequers_serial_rivers_small_a, serial_bayou_pond_a,
          hangedman_decor_growths, grunt_decor_cap
D:2:      minmay_general_purpose_star, layout_rooms,
          shapermc_ecumenical_altar_mp_highgroup
D:3:      layout_basic, gammafunk_ghost_smash
D:4:      layout_basic, jmf_multi_god_temple, kennysheep_little_box
D:5:      layout_gridville, nicolae_ossuary_entry_catacombs,
          minmay_misc_feat_cross
D:6:      layout_layer_cave, serial_glass, glass_columns_a, glass_columns_a,
          glass_columns_a, glass_columns_a, glass_columns_a, glass_columns_c,
          minmay_strange_pillars, minmay_strange_pillars,
          cheibrodos_sewer_entry_drain, serial_shops, nicolae_stop_n_shop_1,
          uniq_pikel
D:7:      layout_basic, minmay_temple_entry_statues_fountains,
          lemuel_flamethrower_2
D:8:      layout_basic, grunt_lair_entry_orc_guard_hut
D:9:      hangedman_screamer, layout_stronghold,
          beargit_hepliaklqana_dungeon_heroes, grunt_temple_overflow_open,
          uniq_maurice
D:10:     layout_big_octagon, nicolae_overflow_hallway_of_the_gods
D:11:     layout_basic, david_orc_2, roderic_roman_lattice, uniq_urug
D:12:     layout_irregular_city, serial_shops,
          nicolae_shop_competitors_out_of_business, kennysheep_big_empty_room,
          kennysheep_generic_room_4, uniq_frances
D:13:     layout_roguey, david_vaults_1, biasface_ghost_orc_armoury, uniq_nessos
D:14:     layout_loops_ring, kennysheep_potato, uniq_roxanne, uniq_rupert
D:15:     grunt_enter_depths_hoard, layout_cave_pools, kiku_gazebo_garden_becter
Temple:   jpeg_temple_alley_garden
Lair:1:   layout_gridlike, gammafunk_ghost_necromancy,
          infiniplex_staircase_pool, grunt_megastairs_2, serial_bayou_shore_b
Lair:2:   layout_chaotic_city, elwin_shoals_entry_rocks,
          spider_nest_entry_web_field, bh_autumn_forest_stairs, evilmike_ambush
          [evilmike_ambush_outer_corners, evilmike_ambush_inner_pond]
Lair:3:   nzn_winding_woodlands_large [nzn_winding_woodlands_5x5_three,
          nzn_winding_woodlands_5x15_cabin, nzn_winding_woodlands_5x5_cross,
          nzn_winding_woodlands_center_triple_pond,
          nzn_winding_woodlands_15x15_killbox,
          nzn_winding_woodlands_center_diamonds,
          nzn_winding_woodlands_5x5_default,
          nzn_winding_woodlands_5x15_longhouse,
          nzn_winding_woodlands_hourglass], layout_concentric_octagons,
          special_room [special_room_bee]
Lair:4:   layout_loops_ring, portal_ice_cave_entry_pillars_1,
          nicolae_quartered_pool_super, serial_bayou_shore_b, grunt_megastairs_3
Lair:5:   minmay_lair_oklob_chamber, layout_long_grid
Lair:6:   hellmonk_lair_end_abyssal_woods, layout_regular_city, slime_altar_1
Spider:1: layout_spider_delve, uniq_nikola
Spider:2: layout_spider_delve
Spider:3: layout_spider_delve
Spider:4: grunt_spider_rune_circles, uniq_aizul
Orc:1:    layout_diamond_mine, serial_shops, shop
Orc:2:    st_orc_mages, layout_caves, minmay_orc_temple_b
Elf:1:    layout_geoelf_diagonals, serial_shops, nicolae_shop_waterfront,
          hangedman_elven_crosses_minicolossus,
          nicolae_elf_free_trip_to_the_abyss, uniq_louise
Elf:2:    elven_hall_of_blades_hangedman_original [nicolae_blade_tridents],
          layout_loops_corners, serial_shops, shop_fountains, special_room
          [special_room_mythical_zoo], ebering_ghost_gozag,
          infiniplex_enter_wizlab_glasses
WizLab:   wizlab_iskenderun

Skill      XL: |  1  2  3  4  5  6  7  8  9 10 11 12 13 14 15 16 17 18 |
---------------+-------------------------------------------------------+-----
Short Blades   | 1 2 |  2.3
Fire Magic     | 4 5 7 9 12 15 18 20 21 | 21.0
Fighting       | 1 8 10 | 10.8
Conjurations   | 3 4 5 6 8 10 12 13 14 | 14.4
Spellcasting   | 7 8 10 13 15 | 15.0
Dodging        | 4 8 |  8.0
Invocations    | 7 10 | 10.0
Staves         | 6 |  6.7
Earth Magic    | 6 10 | 10.0
Stealth        | |  1.7

Action                   |  1- 3 |  4- 6 |  7- 9 | 10-12 | 13-15 | 16-18 || total
-------------------------+-------+-------+-------+-------+-------+-------++-------
Melee: Dagger            |    53 |       |       |       |       |       ||    53
       Tailslap          |     3 |     3 |    23 |    29 |    53 |     9 ||   120
       Short sword       |    28 |       |       |       |       |       ||    28
       Quarterstaff      |       |    50 |   202 |   237 |   530 |    91 ||  1110
 Cast: Foxfire           |    31 |    44 |   171 |    38 |    20 |       ||   304
       Scorch            |    11 |     9 |    12 |    65 |     7 |       ||   104
       Flame Wave        |       |       |    10 |    53 |    50 |       ||   113
       Fireball          |       |       |       |       |   209 |   209 ||   418
       Starburst         |       |       |       |       |    12 |     1 ||    13
       Ignition          |       |       |       |       |    24 |    80 ||   104
       Iron Shot         |       |       |       |       |       |    68 ||    68
Invok: Vitalisation      |       |       |       |       |     2 |       ||     2
       Sanctuary         |       |       |       |       |     1 |       ||     1
 Abil: Breathe Fire      |       |       |     5 |    23 |    40 |    25 ||    93
Evoke: Lightning rod     |       |       |       |     4 |    14 |     9 ||    27
       Wand              |       |       |       |     1 |    10 |     2 ||    13
  Use: Potion            |       |     2 |       |       |     2 |    17 ||    21
       Scroll            |       |       |    12 |     9 |    20 |    10 ||    51
 Stab: Sleeping          |     1 |       |       |       |       |       ||     1
       Distracted        |       |       |       |       |     2 |       ||     2
       Petrified         |       |       |       |       |     6 |       ||     6
Armor: Skin              |    26 |    20 |   162 |   205 |   348 |   170 ||   931
Dodge: Dodged            |    63 |    49 |   226 |   427 |   600 |   218 ||  1583
Block: Other             |     2 |    24 |    44 |       |       |       ||    70
       Reflection        |       |     1 |     1 |       |       |       ||     2

Table legend: (Time is in decaauts)
 A = Elapsed time spent in this place.
 B = Non-inter-level travel time spent in this place.
 C = Inter-level travel time spent in this place.
 D = Time resting spent in this place.
 E = Time spent auto-exploring this place.
 F = Levels seen in this place.
 G = Mean time per level.
                   A        B        C        D        E       F      G
               +--------+--------+--------+--------+--------+-----+--------+
         Total |  37684 |  34645 |   3039 |  11442 |  14503 |  34 | 1108.4 |
       Dungeon |  15861 |  14009 |   1852 |   2545 |   7780 |  15 | 1057.4 |
        Temple |     52 |     30 |     22 |      0 |      0 |   1 |   52.0 |
          Lair |   8933 |   8334 |    599 |   2744 |   3637 |   6 | 1488.8 |
   Spider Nest |   7406 |   7004 |    402 |   4418 |   1454 |   4 | 1851.5 |
  Orcish Mines |   2463 |   2342 |    121 |    972 |    799 |   2 | 1231.5 |
   Elven Halls |   1437 |   1398 |     39 |    407 |    559 |   2 |  718.5 |
         Sewer |    452 |    452 |      0 |      0 |    156 |   1 |  452.0 |
       Ossuary |    757 |    757 |      0 |    275 |    106 |   1 |  757.0 |
      Ice Cave |    309 |    309 |      0 |     81 |     10 |   1 |  309.0 |
        Wizlab |      9 |      9 |      0 |      0 |      0 |   1 |    9.0 |
               +--------+--------+--------+--------+--------+-----+--------+

Top non-repeatable levels by time:
Spider:3: 4200 daAuts
  Lair:3: 1922 daAuts
  Lair:6: 1896 daAuts
     D:9: 1695 daAuts
     D:8: 1633 daAuts
  Lair:2: 1480 daAuts
  Lair:5: 1456 daAuts
   Orc:2: 1442 daAuts
    D:14: 1423 daAuts
  Lair:4: 1383 daAuts
    D:11: 1297 daAuts
     D:6: 1217 daAuts
     D:3: 1192 daAuts
   Elf:1: 1182 daAuts
Spider:2: 1163 daAuts
